 Dungeon Crawl Stone Soup version 0.26-a0-52-gd53d4cd058 (webtiles) character file.

Game seed: 170210430235344321

892 Aramant the Ruffian (level 7, 0/102 HPs)
             Began as a Troll Berserker on June 5, 2020.
             Was a Believer of Trog.
             Slain by an iguana (9 damage)
             ... on level 8 of the Dungeon.
             The game lasted 00:09:50 (1616 turns).

Aramant the Ruffian (Troll Berserker)               Turns: 1616, Time: 00:09:50

Health: 0/102      AC:  7    Str: 27    XL:     7   Next: 78%
Magic:  6/6        EV: 11    Int:  3    God:    Trog [**....]
Gold:   197        SH:  0    Dex: 10    Spells: 6/6 levels left

rFire    . . .     SeeInvis .     - Unarmed
rCold    . . .     Gourm    +   (no shield)
rNeg     . . .     Faith    .   a - +1 animal skin
rPois    .         Spirit   .   (helmet restricted)
rElec    .         Reflect  .   (no cloak)
rCorr    .         Harm     .   (gloves unavailable)
MR       .....                  (boots unavailable)
Stlth    ..........             (no amulet)
HPRegen  0.67/turn              (no ring)
MPRegen  0.10/turn              (no ring)

@: berserking, about to teleport, hasted, very quick
A: large, unfitting armour, claws 3, fast metabolism 3, gourmand, regeneration
1, shaggy fur 1, tough skin 3
a: Berserk, Trog's Hand, Renounce Religion


You were on level 8 of the Dungeon.
You worshipped Trog.
Trog was pleased with you.
You were not hungry.

You visited 1 branch of the dungeon, and saw 8 of its levels.

You collected 197 gold pieces.

Inventory:

Armour
 a - a +1 animal skin (worn)
Jewellery
 e - an uncursed ring of protection from cold
Wands
 g - a wand of disintegration (11)
 i - a wand of random effects (10)
Scrolls
 d - a scroll of teleportation
Potions
 c - 4 potions of lignification
 f - a potion of haste
 j - a potion of magic {unknown}
 l - a potion of flight {unknown}
Comestibles
 b - 7 rations


   Skills:
 + Level 3.9 Fighting
 + Level 4.5 Dodging
 + Level 1.2 Stealth
 + Level 6.8 Unarmed Combat


You had 6 spell levels left.
You didn't know any spells.
Your spell library was empty.

Dungeon Overview and Level Annotations

Branches:
Dungeon (8/15)
 Temple: D:4-7         Lair: D:8-11

Altars:
Cheibriados
Dithmenos
Fedhas
Gozag
Kikubaaqudgha
Uskayaw


Innate Abilities, Weirdness & Mutations

You are too large for most types of armour.
You have claws for hands.
Your metabolism is lightning-fast.
You like to eat raw meat.
Your natural rate of healing is unusually fast.
You are covered in fur. (AC +1)
You have extremely tough skin. (AC +3)


Message History

* * * LOW HITPOINT WARNING * * *
You see here an adder corpse.
You claw the centaur!
The centaur is severely wounded.
The iguana misses you.
The centaur hits you with a cursed -1 shortbow.
* * * LOW HITPOINT WARNING * * *
Okay, then.
As you read the scroll of teleportation, it crumbles to dust.
You feel strangely unstable.
The centaur hits you with a cursed -1 shortbow.
* * * LOW HITPOINT WARNING * * *
The iguana bites you but does no damage.
Okay, then.
You feel yourself speed up.
The centaur hits you but does no damage.
The iguana closely misses you. The centaur barely misses you.
A red film seems to cover your vision as you go berserk!
You feel yourself moving faster!
You feel mighty! The iguana bites you!
You die...

.####################
.......(l@c....>.....
.....#.####..<#.....
### #. #.### ### #.
#)# .. #.# #. #.c #.
### #.


You could see a centaur and an iguana.

Vanquished Creatures
  A black bear (D:7)
  4 ogres
  A howler monkey (D:4)
  A quasit (D:7)
  2 hounds (D:4)
  An orc wizard (D:6)
  2 bullfrog skeletons (D:6)
  An iguana (D:4)
  6 worker ants
  4 adders
  A shadow imp (D:6)
  An adder skeleton (D:4)
  2 dart slugs
  2 leopard geckos
  7 orcs
  2 giant cockroaches
  3 goblins
  2 hobgoblins (D:1)
  2 frilled lizards (D:1)
  A kobold (D:1)
  3 rats
49 creatures vanquished.

Notes
Turn   | Place    | Note
-------+----------+-------------------------------------------
     0 | D:1      | Aramant the Troll Berserker began the quest for the Orb.
     0 | D:1      | Reached XP level 1. HP: 22/22 MP: 0/0
   115 | D:1      | Reached XP level 2. HP: 29/29 MP: 1/1
   628 | D:4      | Reached XP level 3. HP: 33/36 MP: 2/2
   658 | D:4      | Reached XP level 4. HP: 36/45 MP: 3/3
   668 | D:4      | Found an opulent altar of Gozag.
   668 | D:4      | Noticed a sky beast
   685 | D:4      | Reached skill level 4 in Unarmed Combat
   711 | D:4      | Reached ** piety under Trog
   711 | D:4      | Reached XP level 5. HP: 25/53 MP: 4/4
   874 | D:4      | Reached XP level 6. HP: 58/61 MP: 5/5
   939 | D:4      | Reached skill level 5 in Unarmed Combat
   948 | D:5      | Entered Level 5 of the Dungeon
  1156 | D:6      | Reached skill level 1 in Stealth
  1156 | D:6      | Reached XP level 7. HP: 47/68 MP: 6/6
  1253 | D:6      | Reached skill level 6 in Unarmed Combat
  1397 | D:7      | Found a snail-covered altar of Cheibriados.
  1397 | D:7      | Found an ancient bone altar of Kikubaaqudgha.
  1403 | D:7      | Found a blossoming altar of Fedhas.
  1405 | D:7      | Found a hide-covered altar of Uskayaw.
  1407 | D:7      | Found a shadowy altar of Dithmenos.
  1616 | D:8      | Slain by an iguana

Illustrated notes

Levels and vault maps discovered:
D:1:      dpeg_arrival_prison, layout_basic
D:2:      layout_loops_ring
D:3:      layout_loops_corners, lemuel_round_altar, first_ration,
          chequers_serial_rivers_small_3, serial_park_tiny_1
D:4:      layout_loops_ring, lemuel_round_altar,
          nicolae_gozag_cash_rules_everything_around_me
D:5:      layout_loops_ring, kennysheep_mini, minmay_temple_entry_trees
D:6:      layout_rooms, minmay_fountain_box
D:7:      layout_basic, fiery_altar_vehumet,
          chequers_temple_overflow_minitemple, serial_shops, shop
D:8:      layout_basic, hangedman_pestilent_swarm, minmay_misc_feat_alley,
          lemuel_mausoleum_altar_kikubaaqudgha

Skill      XL: |  1  2  3  4  5  6  7 |
---------------+----------------------+-----
Fighting       | 3 |  3.9
Dodging        | 3 4 |  4.5
Unarmed Combat | 4 5 6 |  6.8
Stealth        | 1 |  1.2

Action                   |  1- 3 |  4- 6 |  7- 9 || total
-------------------------+-------+-------+-------++-------
Melee: Unarmed           |    45 |    56 |    67 ||   168
       Punch             |       |     2 |       ||     2
Invok: Berserk           |       |       |     1 ||     1
  Use: Scroll            |     3 |     5 |     1 ||     9
       Potion            |       |       |     4 ||     4
 Stab: Sleeping          |     1 |       |       ||     1
  Eat: Chunk             |     8 |       |     8 ||    16
Armor: Animal skin       |    16 |    23 |    31 ||    70
Dodge: Dodged            |    22 |    22 |    44 ||    88

Table legend:
 A = Non-vault XP
 B = Vault XP
 C = Vault XP percentage of total XP
 D = Non-vault monster count
 E = Vault monster count
 F = Vault count percentage of total count
                 A         B        C        D         E       F
            +---------+---------+-------+---------+---------+-------
      Total |    1274 |       1 |   0.1 |      48 |       1 |   2.0
            +---------+---------+-------+---------+---------+-------
        D:1 |      19 |       1 |   5.0 |      10 |       1 |   9.1
        D:2 |       5 |       0 |   0.0 |       3 |       0 |   0.0
        D:3 |      15 |       0 |   0.0 |       2 |       0 |   0.0
        D:4 |     471 |       0 |   0.0 |      14 |       0 |   0.0
        D:5 |     121 |       0 |   0.0 |       1 |       0 |   0.0
        D:6 |     293 |       0 |   0.0 |       9 |       0 |   0.0
        D:7 |     337 |       0 |   0.0 |       8 |       0 |   0.0
        D:8 |      13 |       0 |   0.0 |       1 |       0 |   0.0
            +---------+---------+-------+---------+---------+-------
